Kings vs Predators

Created - October 18 2010 at 18:16

Goals
1 2 3 T
Kings 1 0 0 1
Predators 3 1 0 4
Shots
1 2 3 T
Kings 4 4 10 18
Predators 15 17 12 44

Period #1

1. Kings , Matt Duchene 3 (Craig Conroy, Byron Bitz) at 5:17
2. Predators , Thomas Vanek 2 (Patric Hornqvist, Brent Burns) at 7:26
3. Predators , Patric Hornqvist 3 (Shea Weber) at 16:55
4. Predators , Scottie Upshall 2 (Tomas Kaberle, Patrik Elias) at 18:51

Penalties :
Brent Burns (NSH) for High sticking (Minor) at 1:14, Shea Weber (NSH) for Fighting (Major) at 3:28, Craig Adams (LOS) for Fighting (Major) at 3:28, Darroll Powe (LOS) for Tripping (Minor) at 10:58, Darroll Powe (LOS) for Holding (Minor) at 13:59, Matt Niskanen (LOS) for High sticking (Minor) at 19:25

Period #2

5. Predators , Patrik Elias 2 (Jeff Carter, Tomas Kaberle) at 2:36

Penalties :
Bryan Allen (LOS) for Interference (Minor) at 2:41, Eric Nystrom (NSH) for Tripping (Minor) at 5:43, Tomas Kaberle (NSH) for Hooking (Minor) at 8:42, Matt Niskanen (LOS) for Unsportsmanlike conduct (Major / Game Misconduct) at 11:13, Alexandre Burrows (NSH) for High sticking (Minor) at 14:28

Period #3

No Goal

Penalties :
Alexandre Burrows (NSH) for Roughing (Minor) at 5:32, Cody Franson (NSH) for Tripping (Minor) at 7:30, Kent Huskins (LOS) for Hooking (Minor) at 12:44, Colton Orr (LOS) for Goalie Interference (Minor) at 15:52, Ethan Moreau (LOS) for Interference (Minor) at 19:43

Goalie Stats

Ondrej Pavelec (LOS), 40 saves from 44 shots - (0.909), L, 1-2-0, 60:00 minutes
Pekka Rinne (NSH), 17 saves from 18 shots - (0.944), W, 4-1-0, 60:00 minutes

Players Stats

Kings
Player Name              G  A  P  +/- PIM S  H  SB FO    MP 
------------------------------------------------------------
Aaron Gagnon             0  0  0   0  0   0  0  0  1/4   7  
Bryan Allen              0  0  0  -2  2   1  4  1  0/0   19 
Byron Bitz               0  1  1   0  0   0  0  1  0/0   13 
Colton Orr               0  0  0   0  2   0  0  0  0/0   7  
Craig Adams              0  0  0  -1  5   0  1  0  1/2   13 
Craig Conroy             0  1  1   0  0   0  0  0  14/34 18 
Daniel Winnik            0  0  0  -2  0   2  2  0  2/5   21 
Darroll Powe             0  0  0  -2  4   2  2  0  9/20  15 
Ethan Moreau             0  0  0  -2  2   0  3  2  1/1   17 
Jamie McBain             0  0  0  -1  0   2  0  4  0/0   23 
Jay Pandolfo             0  0  0   0  0   2  0  0  0/0   10 
Kent Huskins             0  0  0   0  2   0  1  0  0/0   20 
Matt Duchene             1  0  1   0  0   3  1  0  10/21 19 
Matt Niskanen            0  0  0   0  17  0  1  0  0/0   8  
Michael Del Zotto        0  0  0  -1  0   0  2  1  0/0   22 
Michael Frolik           0  0  0  -1  0   3  0  0  0/0   13 
Mike Lundin              0  0  0  -2  0   2  0  0  0/0   20 
Sean Bergenheim          0  0  0  -1  0   1  0  1  0/1   19 
Predators
Player Name              G  A  P  +/- PIM S  H  SB FO    MP 
------------------------------------------------------------
Alexandre Burrows        0  0  0  -1  4   3  3  0  0/0   16 
Braydon Coburn           0  0  0  -1  0   0  1  2  0/0   16 
Brent Burns              0  1  1   1  2   2  2  0  0/0   17 
Cody Franson             0  0  0   2  2   0  3  2  0/0   10 
David Legwand            0  0  0   1  0   0  0  0  7/11  11 
Derek Morris             0  0  0   1  0   0  0  0  0/0   11 
Eric Nystrom             0  0  0   1  2   0  2  0  1/1   11 
Jeff Carter              0  1  1   2  0   3  0  0  18/32 19 
Nicklas Backstrom        0  0  0   1  0   4  3  0  15/26 20 
Patric Hornqvist         1  1  2   2  0   4  0  0  0/1   20 
Patrik Elias             1  1  2   2  0   3  0  0  3/3   17 
Scottie Upshall          1  0  1   2  0   3  3  0  0/0   16 
Shea Weber               0  1  1   1  5   6  2  0  0/0   21 
Simon Gagne              0  0  0  -1  0   1  1  0  0/2   18 
Steven Stamkos           0  0  0  -1  0   6  1  0  6/12  12 
Thomas Vanek             1  0  1   1  0   5  2  0  0/0   16 
Tomas Kaberle            0  2  2   2  2   3  0  0  0/0   18 
Zbynek Michalek          0  0  0   0  0   1  1  1  0/0   18 

3 Stars

1 - Patric Hornqvist (NSH)
2 - Patrik Elias (NSH)
3 - Scottie Upshall (NSH)

Power Play

Kings - 0 on 6 Attempt(s) - 0.00%
Predators - 0 on 8 Attempt(s) - 0.00%

Penalty Kill

Kings - 8 on 8 Attempt(s) - 100.00% - Score 0 goal in Penalty Kill
Predators - 6 on 6 Attempt(s) - 100.00% - Score 0 goal in Penalty Kill

Game Notes

Shea Weber beats up Craig Adams at 3:28 of 1st period
Matt Niskanen ejected from game at 11:13 of 2nd period

Finance

Level 1 -- Attendance: 6351 (97.71%) -- Ticket Income $508,080.00
Level 2 -- Attendance: 4593 (91.86%) -- Ticket Income $238,836.00
Level 3 -- Attendance: 3416 (97.60%) -- Ticket Income $102,480.00
Level 4 -- Attendance: 1113 (100.00%) -- Ticket Income $22,260.00
Luxury Box -- Attendance: 939 (93.90%) -- Ticket Income $126,765.00
Game was played at the Sommet Center
Total Attendance: 16412 (95.90%)
Total Ticket Income: $1,002,535.00
Other Income: $205,426.80
Total Income: $1,207,962.00


Play by Play

Period #1

0:01 of 1st period - Matt Duchene wins face-off versus Nicklas Backstrom in neutral zone.
0:25 of 1st period - Icing by Thomas Vanek.
0:26 of 1st period - Nicklas Backstrom wins face-off versus Darroll Powe in Predators zone.
0:26 of 1st period - Shea Weber is hit by Darroll Powe and loses puck.
0:38 of 1st period - Darroll Powe is hit by Brent Burns.
0:41 of 1st period - Icing by Brent Burns.
0:42 of 1st period - Craig Conroy wins face-off versus Nicklas Backstrom in Predators zone.
0:42 of 1st period - Byron Bitz is hit by Shea Weber and loses puck.
1:14 of 1st period - Minor Penalty to Brent Burns for High sticking.
1:15 of 1st period - David Legwand wins face-off versus Matt Duchene in Predators zone.
1:36 of 1st period - Shot by Michael Del Zotto.
1:36 of 1st period - Shot Hit the Post.
2:53 of 1st period - Shot by Mike Lundin.
2:53 of 1st period - Shot Misses the Net.
3:23 of 1st period - Shot by Nicklas Backstrom.
3:23 of 1st period - Stopped by Ondrej Pavelec without a rebound.
3:24 of 1st period - Nicklas Backstrom wins face-off versus Craig Conroy in Kings zone.
3:28 of 1st period - Shea Weber beats up Craig Adams.
3:28 of 1st period - Penalty to Shea Weber for Fighting.
3:28 of 1st period - Penalty to Craig Adams for Fighting.
3:29 of 1st period - Craig Conroy wins face-off versus Steven Stamkos in Kings zone.
3:40 of 1st period - Shot by Jay Pandolfo.
3:40 of 1st period - Stopped by Pekka Rinne without a rebound.
3:41 of 1st period - Nicklas Backstrom wins face-off versus Aaron Gagnon in Predators zone.
4:31 of 1st period - Shot by Steven Stamkos.
4:31 of 1st period - Shot Misses the Net.
5:05 of 1st period - Shot by Matt Niskanen.
5:05 of 1st period - Shot Misses the Net.
5:07 of 1st period - Shot by Byron Bitz.
5:07 of 1st period - Shot Misses the Net.
5:09 of 1st period - Shot by Matt Duchene.
5:09 of 1st period - Shot Misses the Net.
5:11 of 1st period - Shot by Matt Duchene.
5:11 of 1st period - Shot Misses the Net.
5:13 of 1st period - Shot by Craig Conroy.
5:13 of 1st period - Shot Hit the Post.
5:15 of 1st period - Shot by Craig Conroy.
5:15 of 1st period - Shot Misses the Net.
5:17 of 1st period - Shot by Matt Duchene.
5:17 of 1st period - Goal by Matt Duchene - Kings : 1 - Predators : 0.
5:18 of 1st period - Darroll Powe wins face-off versus Jeff Carter in neutral zone.
5:26 of 1st period - Icing by Cody Franson.
5:27 of 1st period - Jeff Carter wins face-off versus Darroll Powe in Predators zone.
5:27 of 1st period - Jeff Carter is hit by Ethan Moreau.
5:47 of 1st period - Shot by Mike Lundin.
5:47 of 1st period - Shot Misses the Net.
5:50 of 1st period - Darroll Powe is hit by Cody Franson and loses puck.
6:15 of 1st period - Cody Franson is hit by Matt Duchene and loses puck.
7:19 of 1st period - Nicklas Backstrom is hit by Michael Del Zotto and loses puck.
7:24 of 1st period - Shot by Patric Hornqvist.
7:24 of 1st period - Shot Misses the Net.
7:26 of 1st period - Shot by Thomas Vanek.
7:26 of 1st period - Goal by Thomas Vanek - Kings : 1 - Predators : 1.
7:27 of 1st period - David Legwand wins face-off versus Darroll Powe in neutral zone.
7:35 of 1st period - Patric Hornqvist is hit by Bryan Allen and loses puck.
8:09 of 1st period - Craig Conroy is hit by Eric Nystrom and loses puck.
9:37 of 1st period - Shot by Simon Gagne.
9:37 of 1st period - Shot Misses the Net.
9:39 of 1st period - Shot by Alexandre Burrows.
9:39 of 1st period - Shot Misses the Net.
10:03 of 1st period - Shot by Scottie Upshall.
10:03 of 1st period - Shot Misses the Net.
10:05 of 1st period - Shot by Cody Franson.
10:05 of 1st period - Shot Blocked by Michael Del Zotto.
10:22 of 1st period - Off-side.
10:23 of 1st period - Darroll Powe wins face-off versus Nicklas Backstrom in neutral zone.
10:23 of 1st period - Mike Lundin is hit by Thomas Vanek and loses puck.
10:36 of 1st period - Shot by Darroll Powe.
10:36 of 1st period - Stopped by Pekka Rinne without a rebound.
10:37 of 1st period - Craig Adams wins face-off versus Steven Stamkos in Predators zone.
10:43 of 1st period - Icing by Zbynek Michalek.
10:44 of 1st period - Daniel Winnik wins face-off versus Simon Gagne in Predators zone.
10:47 of 1st period - Shot by Darroll Powe.
10:47 of 1st period - Shot Blocked by Braydon Coburn.
10:58 of 1st period - Minor Penalty to Darroll Powe for Tripping.
10:59 of 1st period - Craig Conroy wins face-off versus Nicklas Backstrom in Kings zone.
11:08 of 1st period - Sean Bergenheim is hit by Nicklas Backstrom and loses puck.
11:16 of 1st period - Patrik Elias is hit by Kent Huskins and loses puck.
11:19 of 1st period - Shot by Tomas Kaberle.
11:19 of 1st period - Stopped by Ondrej Pavelec without a rebound.
11:20 of 1st period - Jeff Carter wins face-off versus Craig Conroy in Kings zone.
11:31 of 1st period - Shot by Jeff Carter.
11:31 of 1st period - Stopped by Ondrej Pavelec with a rebound.
11:49 of 1st period - Shot by Brent Burns.
11:49 of 1st period - Stopped by Ondrej Pavelec without a rebound.
11:50 of 1st period - Nicklas Backstrom wins face-off versus Matt Duchene in Kings zone.
12:05 of 1st period - Shot by Thomas Vanek.
12:05 of 1st period - Deflect By Nicklas Backstrom.
12:05 of 1st period - Shot Misses the Net.
12:07 of 1st period - Shot by Patrik Elias.
12:07 of 1st period - Shot Blocked by Bryan Allen.
13:02 of 1st period - Icing by Bryan Allen.
13:03 of 1st period - David Legwand wins face-off versus Daniel Winnik in Kings zone.
13:03 of 1st period - David Legwand is hit by Bryan Allen.
13:05 of 1st period - Shot by Shea Weber.
13:05 of 1st period - Shot Misses the Net.
13:07 of 1st period - Shot by Eric Nystrom.
13:07 of 1st period - Shot Hit the Post.
13:09 of 1st period - Shot by Derek Morris.
13:09 of 1st period - Shot Misses the Net.
13:43 of 1st period - Daniel Winnik is hit by Eric Nystrom and loses puck.
13:59 of 1st period - Minor Penalty to Darroll Powe for Holding.
14:00 of 1st period - Craig Conroy wins face-off versus Nicklas Backstrom in Kings zone.
14:00 of 1st period - Craig Conroy is hit by Thomas Vanek.
14:32 of 1st period - Shot by Thomas Vanek.
14:32 of 1st period - Shot Misses the Net.
14:34 of 1st period - Shot by Zbynek Michalek.
14:34 of 1st period - Shot Blocked by Jamie McBain.
14:38 of 1st period - Shot by Nicklas Backstrom.
14:38 of 1st period - Stopped by Ondrej Pavelec without a rebound.
14:39 of 1st period - Craig Conroy wins face-off versus Jeff Carter in Kings zone.
15:38 of 1st period - Off-side.
15:39 of 1st period - Jeff Carter wins face-off versus Craig Conroy in neutral zone.
16:18 of 1st period - Shot by Steven Stamkos.
16:18 of 1st period - Shot Misses the Net.
16:22 of 1st period - Shot by Steven Stamkos.
16:22 of 1st period - Shot Misses the Net.
16:26 of 1st period - Shot by Steven Stamkos.
16:26 of 1st period - Stopped by Ondrej Pavelec without a rebound.
16:27 of 1st period - David Legwand wins face-off versus Darroll Powe in Kings zone.
16:55 of 1st period - Shot by Patric Hornqvist.
16:55 of 1st period - Goal by Patric Hornqvist - Kings : 1 - Predators : 2.
16:56 of 1st period - Patrik Elias wins face-off versus Craig Conroy in neutral zone.
17:17 of 1st period - Shot by Patrik Elias.
17:17 of 1st period - Stopped by Ondrej Pavelec without a rebound.
17:18 of 1st period - Steven Stamkos wins face-off versus Aaron Gagnon in Kings zone.
17:19 of 1st period - Shot by Simon Gagne.
17:19 of 1st period - Shot Blocked by Jamie McBain.
17:23 of 1st period - Shot by Steven Stamkos.
17:23 of 1st period - Stopped by Ondrej Pavelec without a rebound.
17:24 of 1st period - Nicklas Backstrom wins face-off versus Matt Duchene in Kings zone.
17:33 of 1st period - Shot by Nicklas Backstrom.
17:33 of 1st period - Shot Misses the Net.
17:35 of 1st period - Shot by Thomas Vanek.
17:35 of 1st period - Stopped by Ondrej Pavelec without a rebound.
17:36 of 1st period - Steven Stamkos wins face-off versus Darroll Powe in Kings zone.
17:39 of 1st period - Shot by Steven Stamkos.
17:39 of 1st period - Stopped by Ondrej Pavelec without a rebound.
17:40 of 1st period - Steven Stamkos wins face-off versus Darroll Powe in Kings zone.
17:42 of 1st period - Alexandre Burrows is hit by Bryan Allen and loses puck.
18:37 of 1st period - Shot by Jeff Carter.
18:37 of 1st period - Shot Misses the Net.
18:47 of 1st period - Shot by Patrik Elias.
18:47 of 1st period - Deflect By Scottie Upshall.
18:47 of 1st period - Stopped by Ondrej Pavelec with a rebound.
18:51 of 1st period - Shot by Scottie Upshall.
18:51 of 1st period - Goal by Scottie Upshall - Kings : 1 - Predators : 3.
18:52 of 1st period - Matt Duchene wins face-off versus Nicklas Backstrom in neutral zone.
18:54 of 1st period - Michael Del Zotto is hit by Brent Burns and loses puck.
19:05 of 1st period - Shot by Michael Frolik.
19:05 of 1st period - Stopped by Pekka Rinne without a rebound.
19:06 of 1st period - Craig Conroy wins face-off versus Patric Hornqvist in Predators zone.
19:24 of 1st period - Icing by Kent Huskins.
19:25 of 1st period - Jeff Carter wins face-off versus Craig Conroy in Kings zone.
19:25 of 1st period - Minor Penalty to Matt Niskanen for High sticking.
19:26 of 1st period - Craig Conroy wins face-off versus Nicklas Backstrom in Kings zone.
19:50 of 1st period - Shot by Shea Weber.
19:50 of 1st period - Stopped by Ondrej Pavelec without a rebound.
19:51 of 1st period - Craig Conroy wins face-off versus Jeff Carter in Kings zone.

Period #2

0:01 of 2nd period - Nicklas Backstrom wins face-off versus Matt Duchene in neutral zone.
0:24 of 2nd period - Shot by Shea Weber.
0:24 of 2nd period - Stopped by Ondrej Pavelec with a rebound.
0:26 of 2nd period - Shot by Shea Weber.
0:26 of 2nd period - Shot Misses the Net.
0:28 of 2nd period - Shot by Shea Weber.
0:28 of 2nd period - Stopped by Ondrej Pavelec without a rebound.
0:29 of 2nd period - Jeff Carter wins face-off versus Craig Conroy in Kings zone.
0:48 of 2nd period - Shot by Jeff Carter.
0:48 of 2nd period - Shot Misses the Net.
0:50 of 2nd period - Shot by Jeff Carter.
0:50 of 2nd period - Stopped by Ondrej Pavelec without a rebound.
0:51 of 2nd period - Craig Conroy wins face-off versus Nicklas Backstrom in Kings zone.
0:51 of 2nd period - Sean Bergenheim is hit by Nicklas Backstrom and loses puck.
1:08 of 2nd period - Shot by Shea Weber.
1:08 of 2nd period - Stopped by Ondrej Pavelec without a rebound.
1:09 of 2nd period - Jeff Carter wins face-off versus Daniel Winnik in Kings zone.
1:34 of 2nd period - Shot by Mike Lundin.
1:34 of 2nd period - Stopped by Pekka Rinne without a rebound.
1:35 of 2nd period - Craig Conroy wins face-off versus David Legwand in Predators zone.
1:35 of 2nd period - Craig Conroy is hit by Shea Weber.
2:36 of 2nd period - Shot by Jeff Carter.
2:36 of 2nd period - Deflect By Patrik Elias.
2:36 of 2nd period - Goal by Patrik Elias - Kings : 1 - Predators : 4.
2:37 of 2nd period - Darroll Powe wins face-off versus Steven Stamkos in neutral zone.
2:41 of 2nd period - Minor Penalty to Bryan Allen for Interference.
2:42 of 2nd period - Nicklas Backstrom wins face-off versus Matt Duchene in Kings zone.
3:51 of 2nd period - Shot by Brent Burns.
3:51 of 2nd period - Shot Blocked by Sean Bergenheim.
3:55 of 2nd period - Shot by Brent Burns.
3:55 of 2nd period - Stopped by Ondrej Pavelec without a rebound.
3:56 of 2nd period - Matt Duchene wins face-off versus Jeff Carter in Kings zone.
4:18 of 2nd period - Icing by Patric Hornqvist.
4:19 of 2nd period - Jeff Carter wins face-off versus Matt Duchene in Predators zone.
4:21 of 2nd period - Icing by Simon Gagne.
4:22 of 2nd period - Jeff Carter wins face-off versus Craig Conroy in Predators zone.
4:24 of 2nd period - Icing by Patric Hornqvist.
4:25 of 2nd period - Matt Duchene wins face-off versus Jeff Carter in Predators zone.
4:58 of 2nd period - Bryan Allen is hit by Nicklas Backstrom and loses puck.
5:43 of 2nd period - Minor Penalty to Eric Nystrom for Tripping.
5:44 of 2nd period - Matt Duchene wins face-off versus Jeff Carter in Predators zone.
6:03 of 2nd period - Shot by Matt Duchene.
6:03 of 2nd period - Shot Blocked by Cody Franson.
7:00 of 2nd period - Shot by Kent Huskins.
7:00 of 2nd period - Shot Blocked by Cody Franson.
8:29 of 2nd period - Icing by Kent Huskins.
8:30 of 2nd period - Craig Conroy wins face-off versus Jeff Carter in Kings zone.
8:30 of 2nd period - Byron Bitz is hit by Scottie Upshall and loses puck.
8:42 of 2nd period - Minor Penalty to Tomas Kaberle for Hooking.
8:43 of 2nd period - David Legwand wins face-off versus Darroll Powe in Predators zone.
9:09 of 2nd period - Icing by Ethan Moreau.
9:10 of 2nd period - Darroll Powe wins face-off versus David Legwand in Kings zone.
9:53 of 2nd period - Shot by Michael Del Zotto.
9:53 of 2nd period - Shot Misses the Net.
9:55 of 2nd period - Shot by Michael Frolik.
9:55 of 2nd period - Stopped by Pekka Rinne without a rebound.
9:56 of 2nd period - Jeff Carter wins face-off versus Matt Duchene in Predators zone.
10:50 of 2nd period - Nicklas Backstrom is hit by Matt Niskanen and loses puck.
11:01 of 2nd period - Shot by Thomas Vanek.
11:01 of 2nd period - Stopped by Ondrej Pavelec with a rebound.
11:13 of 2nd period - Major / Game Misconduct Penalty to Matt Niskanen for Unsportsmanlike conduct.
11:13 of 2nd period - Matt Niskanen is ejected from game.
11:14 of 2nd period - Matt Duchene wins face-off versus Simon Gagne in Kings zone.
11:29 of 2nd period - Shot by Simon Gagne.
11:29 of 2nd period - Shot Blocked by Jamie McBain.
11:33 of 2nd period - Shot by Simon Gagne.
11:33 of 2nd period - Shot Blocked by Jamie McBain.
11:35 of 2nd period - Shot by Patric Hornqvist.
11:35 of 2nd period - Shot Misses the Net.
11:39 of 2nd period - Shot by Scottie Upshall.
11:39 of 2nd period - Deflect By Jeff Carter.
11:39 of 2nd period - Shot Misses the Net.
11:43 of 2nd period - Shot by Simon Gagne.
11:43 of 2nd period - Shot Misses the Net.
12:11 of 2nd period - Shot by Tomas Kaberle.
12:11 of 2nd period - Stopped by Ondrej Pavelec with a rebound.
12:15 of 2nd period - Shot by Thomas Vanek.
12:15 of 2nd period - Stopped by Ondrej Pavelec without a rebound.
12:16 of 2nd period - Craig Conroy wins face-off versus Jeff Carter in Kings zone.
12:16 of 2nd period - Craig Conroy is hit by Simon Gagne.
12:29 of 2nd period - Shot by Jeff Carter.
12:29 of 2nd period - Shot Misses the Net.
12:31 of 2nd period - Shot by Jeff Carter.
12:31 of 2nd period - Stopped by Ondrej Pavelec without a rebound.
12:32 of 2nd period - Nicklas Backstrom wins face-off versus Craig Conroy in Kings zone.
12:43 of 2nd period - Shot by Nicklas Backstrom.
12:43 of 2nd period - Shot Misses the Net.
12:45 of 2nd period - Shot by Tomas Kaberle.
12:45 of 2nd period - Stopped by Ondrej Pavelec without a rebound.
12:46 of 2nd period - Jeff Carter wins face-off versus Craig Conroy in Kings zone.
12:49 of 2nd period - Shot by Patric Hornqvist.
12:49 of 2nd period - Stopped by Ondrej Pavelec without a rebound.
12:50 of 2nd period - Jeff Carter wins face-off versus Craig Conroy in Kings zone.
13:08 of 2nd period - Shot by Patric Hornqvist.
13:08 of 2nd period - Stopped by Ondrej Pavelec without a rebound.
13:09 of 2nd period - Nicklas Backstrom wins face-off versus Matt Duchene in Kings zone.
14:28 of 2nd period - Minor Penalty to Alexandre Burrows for High sticking.
14:29 of 2nd period - Steven Stamkos wins face-off versus Daniel Winnik in Predators zone.
14:48 of 2nd period - Shot by Sean Bergenheim.
14:48 of 2nd period - Shot Misses the Net.
15:32 of 2nd period - Shot by Matt Duchene.
15:32 of 2nd period - Stopped by Pekka Rinne without a rebound.
15:33 of 2nd period - Nicklas Backstrom wins face-off versus Craig Adams in Predators zone.
16:30 of 2nd period - Shot by Jay Pandolfo.
16:30 of 2nd period - Stopped by Pekka Rinne without a rebound.
16:31 of 2nd period - Craig Conroy wins face-off versus Steven Stamkos in Predators zone.
16:31 of 2nd period - Craig Adams is hit by Zbynek Michalek and loses puck.
17:34 of 2nd period - Icing by Bryan Allen.
17:35 of 2nd period - Darroll Powe wins face-off versus Jeff Carter in Kings zone.
17:49 of 2nd period - Shot by Patrik Elias.
17:49 of 2nd period - Stopped by Ondrej Pavelec with a rebound.
18:22 of 2nd period - Jamie McBain is hit by Alexandre Burrows and loses puck.
18:29 of 2nd period - Shot by Alexandre Burrows.
18:29 of 2nd period - Stopped by Ondrej Pavelec without a rebound.
18:30 of 2nd period - Eric Nystrom wins face-off versus Craig Conroy in Kings zone.
18:31 of 2nd period - Shot by Patric Hornqvist.
18:31 of 2nd period - Shot Misses the Net.
18:35 of 2nd period - Shot by Patric Hornqvist.
18:35 of 2nd period - Shot Blocked by Ethan Moreau.
18:37 of 2nd period - Shot by Eric Nystrom.
18:37 of 2nd period - Shot Misses the Net.
18:39 of 2nd period - Shot by Eric Nystrom.
18:39 of 2nd period - Shot Misses the Net.
18:43 of 2nd period - Shot by Patric Hornqvist.
18:43 of 2nd period - Shot Blocked by Ethan Moreau.
18:45 of 2nd period - Shot by Shea Weber.
18:45 of 2nd period - Stopped by Ondrej Pavelec without a rebound.
18:46 of 2nd period - Matt Duchene wins face-off versus Nicklas Backstrom in Kings zone.
19:17 of 2nd period - Shot by Patric Hornqvist.
19:17 of 2nd period - Stopped by Ondrej Pavelec with a rebound.
19:36 of 2nd period - Steven Stamkos is hit by Ethan Moreau and loses puck.
19:53 of 2nd period - Shot by Byron Bitz.
19:53 of 2nd period - Shot Blocked by Zbynek Michalek.

Period #3

0:01 of 3rd period - Nicklas Backstrom wins face-off versus Matt Duchene in neutral zone.
0:24 of 3rd period - Shot by Nicklas Backstrom.
0:24 of 3rd period - Shot Misses the Net.
0:26 of 3rd period - Shot by Shea Weber.
0:26 of 3rd period - Stopped by Ondrej Pavelec without a rebound.
0:27 of 3rd period - Jeff Carter wins face-off versus Darroll Powe in Kings zone.
0:46 of 3rd period - Tomas Kaberle is hit by Bryan Allen and loses puck.
2:41 of 3rd period - Michael Frolik is hit by Alexandre Burrows and loses puck.
2:57 of 3rd period - Icing by Shea Weber.
2:58 of 3rd period - Darroll Powe wins face-off versus Nicklas Backstrom in Predators zone.
3:37 of 3rd period - Brent Burns is hit by Darroll Powe and loses puck.
4:26 of 3rd period - Icing by Jeff Carter.
4:27 of 3rd period - Jeff Carter wins face-off versus Craig Conroy in Predators zone.
4:32 of 3rd period - Craig Conroy is hit by Scottie Upshall and loses puck.
4:44 of 3rd period - Craig Conroy is hit by Cody Franson.
4:57 of 3rd period - Byron Bitz is hit by Cody Franson.
5:32 of 3rd period - Minor Penalty to Alexandre Burrows for Roughing.
5:33 of 3rd period - Darroll Powe wins face-off versus Jeff Carter in Predators zone.
5:46 of 3rd period - Shot by Craig Adams.
5:46 of 3rd period - Shot Misses the Net.
5:50 of 3rd period - Shot by Daniel Winnik.
5:50 of 3rd period - Stopped by Pekka Rinne without a rebound.
5:51 of 3rd period - Matt Duchene wins face-off versus David Legwand in Predators zone.
5:52 of 3rd period - Shot by Jamie McBain.
5:52 of 3rd period - Shot Misses the Net.
5:54 of 3rd period - Shot by Michael Frolik.
5:54 of 3rd period - Shot Blocked by Braydon Coburn.
6:00 of 3rd period - Shot by Jamie McBain.
6:00 of 3rd period - Shot Hit the Post.
6:04 of 3rd period - Shot by Matt Duchene.
6:04 of 3rd period - Stopped by Pekka Rinne with a rebound.
6:08 of 3rd period - Shot by Sean Bergenheim.
6:08 of 3rd period - Stopped by Pekka Rinne without a rebound.
6:09 of 3rd period - Darroll Powe wins face-off versus Jeff Carter in Predators zone.
6:18 of 3rd period - Shot by Ethan Moreau.
6:18 of 3rd period - Deflect By Darroll Powe.
6:18 of 3rd period - Stopped by Pekka Rinne with a rebound.
6:49 of 3rd period - Bryan Allen is hit by Braydon Coburn.
7:21 of 3rd period - Shot by Michael Frolik.
7:21 of 3rd period - Stopped by Pekka Rinne with a rebound.
7:23 of 3rd period - Shot by Jamie McBain.
7:23 of 3rd period - Stopped by Pekka Rinne without a rebound.
7:24 of 3rd period - Matt Duchene wins face-off versus Jeff Carter in Predators zone.
7:30 of 3rd period - Minor Penalty to Cody Franson for Tripping.
7:31 of 3rd period - Jeff Carter wins face-off versus Darroll Powe in Predators zone.
7:40 of 3rd period - Shot by Mike Lundin.
7:40 of 3rd period - Shot Misses the Net.
7:54 of 3rd period - Shot by Mike Lundin.
7:54 of 3rd period - Shot Misses the Net.
8:52 of 3rd period - Off-side.
8:53 of 3rd period - Daniel Winnik wins face-off versus Jeff Carter in neutral zone.
9:35 of 3rd period - Shot by Scottie Upshall.
9:35 of 3rd period - Deflect By Patrik Elias.
9:35 of 3rd period - Shot Misses the Net.
9:38 of 3rd period - Patrik Elias is hit by Michael Del Zotto and loses puck.
9:47 of 3rd period - Shot by Simon Gagne.
9:47 of 3rd period - Stopped by Ondrej Pavelec without a rebound.
9:48 of 3rd period - Steven Stamkos wins face-off versus Craig Conroy in Kings zone.
10:12 of 3rd period - Icing by Craig Adams.
10:13 of 3rd period - Craig Conroy wins face-off versus Nicklas Backstrom in Kings zone.
10:40 of 3rd period - Shot by Michael Frolik.
10:40 of 3rd period - Shot Misses the Net.
10:42 of 3rd period - Shot by Jamie McBain.
10:42 of 3rd period - Stopped by Pekka Rinne without a rebound.
10:43 of 3rd period - Patrik Elias wins face-off versus Craig Conroy in Predators zone.
10:54 of 3rd period - Craig Conroy is hit by Scottie Upshall and loses puck.
11:03 of 3rd period - Shot by Scottie Upshall.
11:03 of 3rd period - Stopped by Ondrej Pavelec without a rebound.
11:04 of 3rd period - Matt Duchene wins face-off versus Steven Stamkos in Kings zone.
11:04 of 3rd period - Matt Duchene is hit by Steven Stamkos.
11:07 of 3rd period - Sean Bergenheim is hit by Alexandre Burrows and loses puck.
11:16 of 3rd period - Shot by Steven Stamkos.
11:16 of 3rd period - Stopped by Ondrej Pavelec with a rebound.
11:44 of 3rd period - Icing by Jamie McBain.
11:45 of 3rd period - Nicklas Backstrom wins face-off versus Matt Duchene in Kings zone.
12:26 of 3rd period - Shot by Daniel Winnik.
12:26 of 3rd period - Shot Misses the Net.
12:28 of 3rd period - Shot by Daniel Winnik.
12:28 of 3rd period - Stopped by Pekka Rinne without a rebound.
12:29 of 3rd period - Jeff Carter wins face-off versus Craig Conroy in Predators zone.
12:29 of 3rd period - Jeff Carter is hit by Craig Adams.
12:44 of 3rd period - Minor Penalty to Kent Huskins for Hooking.
12:45 of 3rd period - Jeff Carter wins face-off versus Sean Bergenheim in Kings zone.
14:17 of 3rd period - Shot by Simon Gagne.
14:17 of 3rd period - Shot Blocked by Byron Bitz.
14:21 of 3rd period - Shot by Alexandre Burrows.
14:21 of 3rd period - Stopped by Ondrej Pavelec with a rebound.
14:26 of 3rd period - Shot by Zbynek Michalek.
14:26 of 3rd period - Stopped by Ondrej Pavelec without a rebound.
14:27 of 3rd period - Patrik Elias wins face-off versus Craig Conroy in Kings zone.
14:42 of 3rd period - Shot by Thomas Vanek.
14:42 of 3rd period - Deflect By Nicklas Backstrom.
14:42 of 3rd period - Shot Misses the Net.
14:44 of 3rd period - Shot by Nicklas Backstrom.
14:44 of 3rd period - Stopped by Ondrej Pavelec without a rebound.
14:45 of 3rd period - Aaron Gagnon wins face-off versus Steven Stamkos in Kings zone.
14:56 of 3rd period - Shot by Bryan Allen.
14:56 of 3rd period - Stopped by Pekka Rinne without a rebound.
14:57 of 3rd period - Ethan Moreau wins face-off versus David Legwand in Predators zone.
14:58 of 3rd period - Shot by Mike Lundin.
14:58 of 3rd period - Stopped by Pekka Rinne without a rebound.
14:59 of 3rd period - David Legwand wins face-off versus Darroll Powe in Predators zone.
15:52 of 3rd period - Minor Penalty to Colton Orr for Goalie Interference.
15:53 of 3rd period - Jeff Carter wins face-off versus Craig Conroy in Kings zone.
17:03 of 3rd period - Shot by Nicklas Backstrom.
17:03 of 3rd period - Stopped by Ondrej Pavelec without a rebound.
17:04 of 3rd period - Nicklas Backstrom wins face-off versus Craig Conroy in Kings zone.
17:48 of 3rd period - Icing by Brent Burns.
17:49 of 3rd period - Jeff Carter wins face-off versus Matt Duchene in Predators zone.
17:49 of 3rd period - Jeff Carter is hit by Daniel Winnik.
17:55 of 3rd period - Off-side.
17:56 of 3rd period - Steven Stamkos wins face-off versus Darroll Powe in neutral zone.
18:11 of 3rd period - Shot by Alexandre Burrows.
18:11 of 3rd period - Stopped by Ondrej Pavelec without a rebound.
18:12 of 3rd period - David Legwand wins face-off versus Aaron Gagnon in Kings zone.
19:12 of 3rd period - Shot by Simon Gagne.
19:12 of 3rd period - Deflect By Steven Stamkos.
19:12 of 3rd period - Stopped by Ondrej Pavelec with a rebound.
19:16 of 3rd period - Shot by Steven Stamkos.
19:16 of 3rd period - Stopped by Ondrej Pavelec without a rebound.
19:17 of 3rd period - Darroll Powe wins face-off versus Jeff Carter in Kings zone.
19:24 of 3rd period - Tomas Kaberle is hit by Ethan Moreau and loses puck.
19:37 of 3rd period - Scottie Upshall is hit by Daniel Winnik and loses puck.
19:43 of 3rd period - Minor Penalty to Ethan Moreau for Interference.
19:44 of 3rd period - Nicklas Backstrom wins face-off versus Craig Conroy in Kings zone.
19:47 of 3rd period - Shot by Thomas Vanek.
19:47 of 3rd period - Stopped by Ondrej Pavelec without a rebound.
19:48 of 3rd period - Nicklas Backstrom wins face-off versus Craig Conroy in Kings zone.


Output by the SimonT Hockey Simulator (STHS) for Stephane Roy -- Original Page W3C XHTML 1.0 Valid